 Dungeon Sprint DCSS version 0.21.1-1-g345015f (webtiles) character file.

138 doot the Basher (level 8, -1/130 HPs)
             Began as a Troll Berserker on June 6, 2018.
             Was an Elder of Trog.
             Slain by a demonic crawler (5 damage)
             ... summoned by a deep elf mage
             ... in the Dungeon (Sprint VI: "Thunderdome").
             The game lasted 00:06:18 (554 turns).

doot the Basher (Troll Berserker)                    Turns: 554, Time: 00:06:20

Health: -1/130     AC:  7    Str: 37    XL:     8   Next: 22%
Magic:  7/7        EV: 12    Int:  3    God:    Trog [****..]
Gold:   40         SH:  0    Dex:  9    Spells: 7/7 levels left

rFire    . . .     SeeInvis .   a - +0 mace
rCold    . . .     Gourm    +   (no shield)
rNeg     + + .     Faith    .   r - +0 troll leather armour
rPois    +         Spirit   .   (helmet restricted)
rElec    .         Reflect  .   (no cloak)
rCorr    .         Harm     .   (gloves unavailable)
MR       ++...     NoTele   +   (boots unavailable)
Stlth    ..........             p - amulet "Jiniasuo" {Gourm rPois rN++ Str+3 Dex-2}
HPRegen  2.11/turn              (no ring)
MPRegen  0.10/turn              o - ring "Ycas" {+Fly Str+3 Stlth+}

@: berserking (expiring), regenerating, very quick
A: large, unfitting armour, claws 3, fast metabolism 3, gourmand, regeneration
1, shaggy fur 1, tough skin 2
a: Berserk, Trog's Hand, Brothers in Arms, Burn Spellbooks, Renounce Religion,
Evoke Flight


You were in the Dungeon.
You worshipped Trog.
Trog was greatly pleased with you.
You were near starving.

You visited 1 branch You collected 400 gold pieces.
You spent 360 gold pieces at shops.

Inventory:

Hand Weapons
 a - a +0 mace (weapon)
Armour
 b - a +0 animal skin
 r - a +0 troll leather armour (worn)
Jewellery
 n - the ring of Guegg {rPois MR+ MP+9 Int-4 Stlth+}
   (You bought it in a shop in the Dungeon)

   [ring of protection from magic]

   It affects your intelligence (-4).
   It protects you from poison.
   It affects your resistance to hostile enchantments.
   It affects your magic capacity (+9).
   It makes you more stealthy.
 o - the ring "Ycas" (right claw) {+Fly Str+3 Stlth+}
   (You bought it in a shop in the Dungeon)

   [ring of flight]

   It affects your strength (+3).
   It lets you fly.
   It makes you more stealthy.
 p - the amulet "Jiniasuo" (around neck) {Gourm rPois rN++ Str+3 Dex-2}
   (You bought it in a shop in the Dungeon)

   [amulet of the gourmand]

   It allows you to eat raw meat even when not hungry.
   It affects your strength (+3).
   It affects your dexterity (-2).
   It protects you from poison.
   It greatly protects you from negative energy.
 q - the ring of Uxacel {+Fly rF- rN+ Str+2}
   (You bought it in a shop in the Dungeon)

   [ring of positive energy]

   It affects your strength (+2).
   It makes you vulnerable to fire.
   It protects you from negative energy.
   It lets you fly.
Wands
 j - a wand of acid (5)
 k - a wand of iceblast (5)
Scrolls
 i - 4 scrolls of blinking
 l - 3 scrolls of fog
Potions
 d - a potion of curing
 e - 3 potions of heal wounds
 f - 4 potions of haste
 g - 2 potions of magic
 h - a potion of berserk rage
 m - 2 potions of resistance
Comestibles
 c - 2 rations


   Skills:
 + Level 7.3 Fighting
 + Level 11.5 Maces & Flails
 + Level 1.9 Armour
 + Level 7.5 Dodging
 + Level 3.5 Stealth


You had 7 spell levels left.
You didn't know any spells.

Dungeon Overview and Level Annotations

Branches:
Dungeon (1/1)

Altars:
Cheibriados
Dithmenos
Fedhas
Gozag
Kikubaaqudgha
Makhleb
Okawaru
Qazlal
Ru
Sif Muna
Trog
Uskayaw
Vehumet
Wu Jian
Xom
Yredelemnul
Zin
The Shining One
Beogh
Jiyva
Lugonu

Shops:
D *[%??*?*:[((!!!!


Innate Abilities, Weirdness & Mutations

You are too large for most types of armour.
You have claws for hands.
Your metabolism is lightning-fast.
You like to eat raw meat.
Your natural rate of healing is unusually fast.
You are covered in fur. (AC +1)
You have very tough skin. (AC +2)


Message History

The deep elf mage shouts!
The demonic crawler closely misses you. x2; The demonic crawler misses you.
You miss the short sword of holy wrath. 50...
The short sword of holy wrath hits you.
The deep elf mage casts a spell.
Unknown command.
You miss the short sword of holy wrath. The short sword of holy wrath hits you.
The demonic crawler hits you. x2; The demonic crawler closely misses you.
The short sword of holy wrath hits you!
* * * LOW HITPOINT WARNING * * *
Unknown command.
You sock the short sword of holy wrath!
The short sword of holy wrath is heavily damaged.
The ice devil hits you.
* * * LOW HITPOINT WARNING * * *
The ice devil freezes you!!
* * * LOW HITPOINT WARNING * * *
The demonic crawler hits you.
You die...

#_......._# #_...r..._#
#......e._# ###.........###
#⌠...........⌠#
######.8.........8.######
##∩___......###).....___∩##
##∩.....e..8.# #(8........∩###
...........4e###@ss..........##
..........###..4###e.........⌠#
..........# #.<.# #(§........⌠#
..........###...###.s........⌠#
.............###.).).........##
##∩........8.# #.8E.......∩###
##∩___......###.......__∩##
######.8.........8.######
#e...........⌠#


You could see a demonic crawler, an ice devil, 2 deep elf magi, a jumping
spider, a hell rat and a short sword of holy wrath.

Vanquished Creatures
  A deep elf mage (D)
  2 floating eyes (D)
  5 jellies (D)
  6 oozes (D)
  An orc (D)
  A bat (D)
  A kobold (D)
  A rat (D)
18 creatures vanquished.

Vanquished Creatures (collateral kills)
  A deep elf archer (D)
  A deep elf mage (D)
2 creatures vanquished.

Grand Total: 20 creatures vanquished

Notes
Turn   | Place    | Note
-------+----------+-------------------------------------------
     0 | D        | doot the Troll Berserker began the quest for the Orb.
     0 | D        | Reached XP level 1. HP: 22/22 MP: 0/0
     2 | D        | Found a sacrificial altar of Ru.
     3 | D        | Found a stormy altar of Qazlal.
     3 | D        | Found a burning altar of Makhleb.
     4 | D        | Found an iron altar of Okawaru.
     4 | D        | Found a viscous altar of Jiyva.
     5 | D        | Found Tieguadupt's Delicious Food.
     5 | D        | Found an opulent altar of Gozag.
     5 | D        | Found a corrupted altar of Lugonu.
     5 | D        | Found Qoklopn's Identification Station.
     5 | D        | Round 1.
     6 | D        | Found Edezun's Jewellery.
     6 | D        | Found Irhoeqod's Advanced Armour.
    15 | D        | Bought a warped pewter ring for 45 gold pieces
    15 | D        | Bought an ancient wooden ring for 45 gold pieces
    15 | D        | Bought a glittering amethyst amulet for 45 gold pieces
    15 | D        | Lost intelligence.
    15 | D        | Identified the ring of Guegg {rPois MR+ MP+9 Int-4 Stlth+} (You bought it in a shop in the Dungeon)
    20 | D        | Identified the ring "Ycas" {+Fly Str+3 Stlth+} (You bought it in a shop in the Dungeon)
    21 | D        | Identified the amulet "Jiniasuo" {Gourm rPois rN++ Str+3 Dex-2} (You bought it in a shop in the Dungeon)
    22 | D        | Bought an ancient steel ring for 45 gold pieces
    23 | D        | Identified the ring of Uxacel {+Fly rF- rN+ Str+2} (You bought it in a shop in the Dungeon)
    31 | D        | Found a radiant altar of Vehumet.
    32 | D        | Found a snail-covered altar of Cheibriados.
    34 | D        | Found an ornate altar of the Wu Jian Council.
    36 | D        | Found Adytunud's Premium Goods.
    37 | D        | Found an ancient bone altar of Kikubaaqudgha.
    37 | D        | Found a glowing golden altar of the Shining One.
    37 | D        | Found Xynen's Weapon Rack.
    37 | D        | Found Nocless's Miscellaneous Merchandise.
    37 | D        | Found Vaap's Basic Armour.
    46 | D        | Reached skill level 3 in Maces & Flails
    48 | D        | Found a bloodstained altar of Trog.
    48 | D        | Found a blossoming altar of Fedhas.
    49 | D        | Found Peasch's Do-It-Yourself Clinic.
    50 | D        | Found Xarilym's Bottled Wisdom.
    50 | D        | Found Onleeko's Distillery.
    51 | D        | Found a basalt altar of Yredelemnul.
    51 | D        | Found a glowing silver altar of Zin.
    51 | D        | Found a shadowy altar of Dithmenos.
    51 | D        | Found Yluifoh's Distillery.
    56 | D        | Found a roughly hewn altar of Beogh.
    57 | D        | Found a hide-covered altar of Uskayaw.
    58 | D        | Found a deep blue altar of Sif Muna.
    59 | D        | Found Latozas's Staff Store.
    60 | D        | Found a shimmering altar of Xom.
    60 | D        | Found Apsup's Magic Scroll Shop.
    60 | D        | Found Nohiatre's Must-Have Magic.
    60 | D        | Found Elea's Magic Scroll Shop.
    70 | D        | Reached ** piety under Trog
    99 | D        | Arena points: 12 (+12) [x2]
    99 | D        | Reached XP level 2. HP: 18/31 MP: 1/1
   153 | D        | Round 2.
   160 | D        | Reached skill level 4 in Maces & Flails
   160 | D        | Reached XP level 3. HP: 18/39 MP: 2/2
   180 | D        | Reached *** piety under Trog
   220 | D        | Reached skill level 5 in Maces & Flails
   258 | D        | Reached **** piety under Trog
   258 | D        | Arena points: 54 (+42) [x3]
   258 | D        | Reached skill level 1 in Stealth
   258 | D        | Reached XP level 4. HP: 25/49 MP: 3/3
   325 | D        | Round 3.
   388 | D        | Noticed a floating eye
   391 | D        | Reached skill level 6 in Maces & Flails
   392 | D        | Paralysed by a floating eye for 4 turns
   400 | D        | Killed a floating eye
   400 | D        | Reached skill level 5 in Fighting
   400 | D        | Reached skill level 7 in Maces & Flails
   400 | D        | Reached skill level 5 in Dodging
   400 | D        | Reached XP level 5. HP: 57/57 MP: 4/4
   436 | D        | Noticed a floating eye
   439 | D        | Paralysed by a floating eye for 3 turns
   447 | D        | Killed a floating eye
   447 | D        | Reached ***** piety under Trog
   447 | D        | Reached skill level 8 in Maces & Flails
   447 | D        | Reached XP level 6. HP: 61/67 MP: 5/5
   450 | D        | Arena points: 138 (+84) [x4]
   450 | D        | Reached skill level 9 in Maces & Flails
   473 | D        | Bought a +0 troll leather armour for 180 gold pieces
   493 | D        | Round 4.
   495 | D        | Noticed a deep elf mage
   497 | D        | Noticed a fire elemental
   497 | D        | Noticed a fire elemental
   508 | D        | Noticed a deep elf mage
   512 | D        | Noticed a deep elf archer
   518 | D        | Noticed a deep elf mage
   522 | D        | Noticed a demonic crawler
   522 | D        | Noticed a demonic crawler
   523 | D        | Killed a deep elf archer
   523 | D        | Reached skill level 10 in Maces & Flails
   523 | D        | Reached XP level 7. HP: 21/76 MP: 6/6
   524 | D        | Noticed a chaos spawn
   524 | D        | Noticed a deep elf mage
   526 | D        | Noticed a demonic crawler
   526 | D        | Noticed a tarantella
   526 | D        | Noticed a jumping spider
   526 | D        | Noticed a fire elemental
   527 | D        | Killed a deep elf mage
   527 | D        | Reached skill level 1 in Armour
   527 | D        | HP: 2/76 [deep elf mage/bolt of fire (11)]
   537 | D        | Noticed an ice devil
   542 | D        | Noticed a short sword of holy wrath
   549 | D        | Killed a deep elf mage
   549 | D        | Reached skill level 11 in Maces & Flails
   549 | D        | Reached XP level 8. HP: 69/87 MP: 7/7
   551 | D        | Noticed a deep elf mage
   554 | D        | HP: 4/130 [ice devil[a deep elf mage] (23)]
   554 | D        | Slain by a demonic crawler

Skill      XL: |  1  2  3  4  5  6  7 |
---------------+----------------------+-----
Maces & Flails | 3 4 5 7 8 10 11 | 11.5
Fighting       | 3 4 5 6 7 |  7.3
Dodging        | 3 4 5 6 7 |  7.5
Stealth        | 1 2 3 |  3.5
Armour         | 1 |  1.9

Action                   |  1- 3 |  4- 6 |  7- 9 || total
-------------------------+-------+-------+-------++-------
Melee: Mace              |    43 |    27 |     8 ||    78
Invok: Brothers in Arms  |       |     2 |     1 ||     3
       Berserk           |       |       |     1 ||     1
       Trog's Hand       |       |       |     1 ||     1
  Use: Potion            |       |       |     1 ||     1
 Stab: Distracted        |     1 |       |       ||     1
  Eat: Chunk             |     3 |       |       ||     3
Armor: Animal skin       |    19 |     6 |       ||    25
       Troll leather arm |       |     5 |     4 ||     9
Dodge: Dodged            |    19 |    12 |    11 ||    42
